 Dungeon Crawl Stone Soup version 0.27.0-1-g7a089689b8 (webtiles) character file.

Game seed: 16008923191081085380

13 Spectrina the Ducker (level 2, -1/18 HPs)
             Began as a Deep Elf Monk on Aug 10, 2021.
             Slain by a hobgoblin (5 damage)
             ... on level 2 of the Dungeon.
             The game lasted 00:01:43 (304 turns).

Spectrina the Ducker (Deep Elf Monk)                 Turns: 304, Time: 00:01:43

Health: -1/18      AC:  2    Str:  6 (8)  XL:     2   Next: 24%
Magic:  5/5        EV: 13    Int: 11 (14) God:
Gold:   24         SH:  0    Dex: 14 (17) Spells: 3/3 levels left

rFire    + . .     SeeInvis .   a - +0 short sword
rCold    . . .     Faith    .   (no shield)
rNeg     . . .     Spirit   .   d - +0 robe
rPois    .         Reflect  .   (no helmet)
rElec    .         Harm     .   (no cloak)
rCorr    .         Rampage  .   (no gloves)
Will     .....                  (no boots)
Stlth    ++........             (no amulet)
HPRegen  0.06/turn              c - ring of protection from fire
MPRegen  0.09/turn              (no ring)

@: no status effects
A: no striking features
a: no special abilities


You were on level 2 of the Dungeon.
You visited 1 branch of the dungeon, and saw 2 of its levels.

You collected 24 gold pieces.

Inventory:

Hand Weapons
 a - a +0 short sword (weapon)
 b - a +0 dagger
Armour
 d - a +0 robe (worn)
Jewellery
 c - a ring of protection from fire (left hand)
Scrolls
 f - a scroll of enchant armour {unknown}
Potions
 e - a potion of degeneration


   Skills:
 - Level 2.4 Fighting
 - Level 3.0 Short Blades
 - Level 3.6 Dodging
 + Level 2.7 Stealth
 + Level 1.2 Spellcasting
 * Level 1.5 Invocations


You had 3 spell levels left.
You didn't know any spells.
Your spell library was empty.

Dungeon Overview and Level Annotations

Branches:
Dungeon (2/15)

Altars:

Shops:
D:2 (


Message History

Adjust (i)tems, (s)pells, or (a)bilities?
d - a +0 dagger Adjust to which letter? (? for menu, Esc to quit)
b - a +0 dagger;
d - a +0 robe (worn)
b - a +0 dagger (weapon)
The goblin shouts!
a - a +0 short sword (weapon)
The goblin barely misses you.
You hit the goblin but do no damage. The goblin barely misses you.
You hit the goblin.
You kill the goblin!
You see here a +0 club.
A worm comes into view.
Found 11 gold pieces.
The worm bites you.
Found a stone staircase leading up.
The worm bites you.
You see here 11 gold pieces.
You now have 24 gold pieces (gained 11).
A rat comes into view.
Found 2 coppery potions.
Found a scroll labelled KUXTOM RAZAYL.
A hobgoblin comes into view.
The hobgoblin shouts!
You see here 2 coppery potions.
Unknown command.
e - 2 coppery potions The rat barely misses you.
The rat closely misses you. The rat bites you but does no damage.
The hobgoblin hits you.
It was a potion of degeneration.
There was something very wrong with that liquid.
You feel weakened.
You feel dopey.
You feel clumsy. The hobgoblin hits you.
* * * LOW HITPOINT WARNING * * *
You see here a scroll labelled KUXTOM RAZAYL.
f - a scroll labelled KUXTOM RAZAYL The hobgoblin hits you.
You die...

#. #.# ##..# #.#
#... #.# #... #.#
#..# #.# #..#
##.#############..#
....w...w......#..#
....#####.......@.#
.##<#
#........g######
....#
##.........r...#
.####
#####.#######.# ##
#.# #.# # #.# #r# #
#.# #.# # #r# #.#
#.# #.#


You could see a hobgoblin and a rat.

Vanquished Creatures
  2 dart slugs
  A bat (D:1)
  2 giant cockroaches (D:1)
  A goblin (D:2)
  A hobgoblin (D:2)
  A frilled lizard (D:1)
8 creatures vanquished.

Vanquished Creatures (others)
  4 toadstools (D:1)
4 creatures vanquished.

Grand Total: 12 creatures vanquished

Notes
Turn   | Place    | Note
-------+----------+-------------------------------------------
     0 | D:1      | Spectrina the Deep Elf Monk began the quest for the Orb.
     0 | D:1      | Reached XP level 1. HP: 13/13 MP: 3/3
    63 | D:1      | Reached skill level 1 in Invocations
    66 | D:1      | Reached skill level 1 in Spellcasting
   143 | D:2      | Reached XP level 2. HP: 16/18 MP: 5/5
   162 | D:2      | Found Fesuos's Antique Weapon Shop.
   304 | D:2      | Slain by a hobgoblin

Illustrated notes

Levels and vault maps discovered:
D:1:      ldierk_walled_garden_2, layout_loops_ring, serial_shops, shop,
          grunt_decor_mini_mirrors
D:2:      layout_loops_ring, serial_shops, shop_statue

Skill      XL: |  1 |
---------------+----+-----
Invocations    | 1 |  1.5
Spellcasting   | 1 |  1.2
Fighting       | |  2.4
Short Blades   | |  3.0
Dodging        | |  3.6
Stealth        | |  2.7

Action                   || total
-------------------------++-------
Melee: Short sword       ||    19
  Use: Potion            ||     1
 Stab: Sleeping          ||     5
Armor: Robe              ||     3
Dodge: Dodged            ||    10
